 Dungeon Crawl Stone Soup version 0.29-a0-542-g075992c915 (webtiles) character file.

Game seed: 17656712182175088269

26 ytrimaz the Ducker (level 2, -1/14 HPs)
             Began as a Felid Chaos Knight on June 5, 2022.
             Was a Plaything of Xom.
             Killed from afar by a dart slug (5 damage)
             ... with a slug dart
             ... on level 1 of the Dungeon.
             The game lasted 00:01:22 (644 turns).

ytrimaz the Ducker (Felid Chaos Knight)              Turns: 644, Time: 00:01:23

Health: -1/14      AC:  1    Str:  8    XL:     2   Next: 89%
Magic:  5/5        EV: 17    Int: 13    God:    Xom [.....*]
Gold:   25         SH:  0    Dex: 15    Spells: 4/4 levels left
                                        Lives:  0   Deaths: 0

rFire   . . .      SeeInvis +     - Unarmed
rCold   . . .      Faith    .   (shield unavailable)
rNeg    . . .      Spirit   .   (body armour unavailable)
rPois   .          Reflect  .   (helmet unavailable)
rElec   .          Harm     .   (cloak unavailable)
rCorr   .          Rampage  .   (gloves unavailable)
Will    .....                   (boots unavailable)
Stlth   +.........              (no amulet)
HPRegen 0.04/turn               (no ring)
MPRegen 0.09/turn               (no ring)

@: quick
A: very small, claws 1, fangs 3, see invisible, speed 1, shaggy fur 1, stealthy
paws, no weapons or thrown items, no armour, multi-lived
a: Renounce Religion


You were on level 1 of the Dungeon.
You worshipped Xom.
You were Xom's teddy bear.
You visited 1 branch of the dungeon, and saw 1 of its levels.

You collected 25 gold pieces.

Inventory:

Scrolls
 b - a scroll of noise {unknown}
 c - a scroll of teleportation {unknown}
 d - a scroll of magic mapping {unknown}
 e - a scroll of identify {unknown}
Miscellaneous
 a - a piece from Xom's chessboard (9/15) (quivered)


   Skills:
 - Level 3.0 Fighting
 - Level 3.2 Dodging
 - Level 3.0 Unarmed Combat
 * Level 1.5 Spellcasting
 * Level 1.9 Transmutations


You had 4 spell levels left.
You didn't know any spells.
Your spell library was empty.

Dungeon Overview and Level Annotations

Branches:
Dungeon (1/15)

Altars:


Innate Abilities, Weirdness & Mutations

You have sharp claws.
You have razor-sharp teeth.
You have supernaturally acute eyesight. (SInv)
You cover ground quickly. (Speed+)
You are covered in fur. (AC +1)
Your paws help you pounce on unaware monsters.
You are incapable of wielding weapons or throwing items.
You cannot wear armour.
You gain extra lives every three experience levels.


Message History

An endoplasm comes into view.
An endoplasm is nearby!
A bat comes into view.
The bat moves out of view.
The endoplasm quivers.
The endoplasm jiggles.
The bat closely misses you.
You closely miss the bat. The bat closely misses you.
The bat completely misses you. The bat misses you. The endoplasm freezes you.
You are frozen.
You barely miss the endoplasm. The bat hits you but does no damage.
The endoplasm freezes you.
You are frozen.
The dart slug launches a dart at you. The slug dart misses you.
The slug dart hits the bat.
The bat dies!
Xom is highly amused!
You scratch the endoplasm.
The endoplasm is moderately wounded.
The endoplasm completely misses you.
You scratch the endoplasm.
The endoplasm is severely wounded.
The endoplasm hits you.
You scratch the endoplasm but do no damage.
The endoplasm is severely wounded.
The dart slug launches a dart at you. The slug dart misses you.
The endoplasm hits you but does no damage.
Unknown command.
You scratch the endoplasm.
You kill the endoplasm!
The dart slug launches a dart at you. The slug dart hits you.
* * * LOW HITPOINT WARNING * * *
The dart slug launches a dart at you. The slug dart hits you.
You die... "This toy is broken."

##..........#
#..###.##.#...# ..
#..###.##........ ...
##...##.####....#.
...######..#..#.#
..#.##
#..............##..##.#
####.........†.#.....#
.
#..............#.....#
..#.#..........#@...##
....#.....w........##
.......................
#.###..........#...####
#.###..........####..
...............# .≈.≈
...##............ ≈≈≈
.################ .≈≈
##


You could see a dart slug.

Vanquished Creatures
  A gnoll (D:1)
  5 endoplasms (D:1)
  4 goblins (D:1)
  A hobgoblin (D:1)
  A quokka (D:1)
  2 ball pythons (D:1)
  A kobold (D:1)
15 creatures vanquished.

Vanquished Creatures (others)
  A bat (D:1)
1 creature vanquished.

Grand Total: 16 creatures vanquished

Notes
Turn   | Place    | Note
-------+----------+-------------------------------------------
     0 | D:1      | ytrimaz the Felid Chaos Knight began the quest for the Orb.
     0 | D:1      | Reached XP level 1. HP: 10/10 MP: 2/2
    36 | D:1      | XOM: potion effect (haste)
    45 | D:1      | Reached skill level 1 in Spellcasting
    45 | D:1      | Reached skill level 1 in Transmutations
    45 | D:1      | Reached XP level 2. HP: 11/14 MP: 2/4
   596 | D:1      | XOM: confuse monster(s)
   609 | D:1      | XOM: 1-stop teleportation journey
   644 | D:1      | Killed from afar by a dart slug

Illustrated notes

Levels and vault maps discovered:
D:1:      nicolae_arrival_memento_mori, layout_rooms,
          chequers_ecumenical_altar_island, minmay_heptomino_w4

Skill      XL: |  1 |
---------------+----+-----
Spellcasting   | 1 |  1.5
Transmutations | 1 |  1.9
Fighting       | |  3.0
Dodging        | |  3.2
Unarmed Combat | |  3.0

Action                   || total
-------------------------++-------
Melee: Unarmed           ||    43
       Bite              ||     7
       Punch             ||     1
Evoke: Piece from Xom's  ||     6
 Stab: Petrified         ||     2
       Petrifying        ||     1
       Paralysed         ||     2
Armor: Skin              ||     3
Dodge: Dodged            ||    28

Table legend: (Time is in decaauts)
 A = Elapsed time spent in this place.
 B = Non-inter-level travel time spent in this place.
 C = Inter-level travel time spent in this place.
 D = Time resting spent in this place.
 E = Time spent auto-exploring this place.
 F = Levels seen in this place.
 G = Mean time per level.
                   A        B        C        D        E       F      G
               +--------+--------+--------+--------+--------+-----+--------+
         Total |    582 |    582 |      0 |    167 |    298 |   1 |  582.0 |
       Dungeon |    582 |    582 |      0 |    167 |    298 |   1 |  582.0 |
               +--------+--------+--------+--------+--------+-----+--------+

Top non-repeatable levels by time:
     D:1: 582 daAuts
